[Event "Late-Titled-Tuesday-Blitz-January-23-2024"]
[Site "Chess.com"]
[Date "2024.01.23"]
[Round "6"]
[White "AsaHoffmann"]
[Black "FREZZY23"]
[Result "1-0"]
[WhiteElo "2381"]
[BlackElo "2497"]
[TimeControl "180+1"]
[EndTime "15:02:15 PST"]
[Termination "AsaHoffmann won by resignation"]

1. d4 Nf6 2. Bg5 d5 3. Nd2 g6 4. e3 Bg7 5. Bd3 c5 6. c3 Nc6 7.
f4 Ng4 8. Qe2 Qb6 9. Rb1 f6 10.
Bh4 e5 11. h3 Nh6 12. fxe5 fxe5 13. e4 dxe4 14. Nxe4 cxd4 15. Nd6+ Kd7 16. Nc4 Qc5 17.
Nf3 Re8 18. O-O b5 19. Ncd2 dxc3+ 20. Bf2 Nd4 21. Nxd4 exd4 22. Ne4 Qe7 23. Bxb5+ Kd8 24. Bxe8 Qxe8 25. bxc3 dxc3 26. Rfd1+ Bd7 27. Qd3 Rc8 28. Rb7 c2 29. Rxd7+ 1-0

[Event "Late-Titled-Tuesday-Blitz-January-23-2024"]
[Site "Chess.com"]
[Date "2024.01.23"]
[Round "6"]
[White "Noki102"]
[Black "ChessSwole"]
[Result "0-1"]
[WhiteElo "2442"]
[BlackElo "2614"]
[TimeControl "180+1"]
[EndTime "15:02:18 PST"]
[Termination "ChessSwole won by resignation"]

1. Nf3 d5 2. g3 Nf6 3. Bg2 g6 4. O-O Bg7 5. b3 Ne4 6. d4 O-O 7. Bb2 c5 8. Nbd2 Nc6 9. e3 Qa5 10.
Nxe4 dxe4 11. Ne5 Nxe5 12. dxe5 Rd8 13. Qe1 Qc7 14. Qc3 Rd5 15. Bxe4 Bxe5 16. Qc4 Rd8 17. Bxe5 Qxe5 18. Rad1 Be6 19. Qa4 Rxd1 20. Rxd1 b5 21.
f4 Qh5 0-1

[Event "Late-Titled-Tuesday-Blitz-January-23-2024"]
[Site "Chess.com"]
[Date "2024.01.23"]
[Round "6"]
[White "karinachess1"]
[Black "Rdeux42"]
[Result "1-0"]
[WhiteElo "2617"]
[BlackElo "2444"]
[TimeControl "180+1"]
[EndTime "15:02:24 PST"]
[Termination "karinachess1 won by resignation"]

1. d4 Nf6 2. c4 e6 3. Nc3 Bb4 4. a3 Bxc3+ 5. bxc3 O-O 6. e3 c5 7. Bd3 Nc6 8. Ne2 d6 9. O-O e5 10. d5 Na5 11. e4 h6 12. Ng3 b6 13. f4 exf4 14. Bxf4 Ba6 15. e5 dxe5 16. Bxe5 Nd7 17. Bxg7 Kxg7 18. Qg4+ Qg5 19. Qxd7 Bc8 20. Qd6 Rd8 21.
Nh5+ Kg8 22. Nf6+ Kg7 23. Qxd8 Bh3 24. Ne8+ Kh8 25. Qxg5 hxg5 26. gxh3 1-0

[Event "Late-Titled-Tuesday-Blitz-January-23-2024"]
[Site "Chess.com"]
[Date "2024.01.23"]
[Round "6"]
[White "akanga001"]
[Black "LUISMIGUELOV"]
[Result "0-1"]
[WhiteElo "1990"]
[BlackElo "2177"]
[TimeControl "180+1"]
[EndTime "15:02:36 PST"]
[Termination "LUISMIGUELOV won by resignation"]

1. d4 Nf6 2. c4 e5 3. g3 exd4 4. Qxd4 Nc6 5. Qd1 Bb4+ 6. Bd2 O-O 7. Bg2 Re8 8. Nf3 d6 9. O-O Bg4 10. Bg5 h6 11. Be3 a5 12. h3 Bxf3 13. Bxf3 Ne5 14.
Bxb7 Nxc4 15. Bd4 Rb8 16. Bg2 Qe7 17. e3 c5 18. a3 cxd4 19. axb4 dxe3 20. Qc2 exf2+ 21.
Rxf2 Ne3 22. Qd2 Nxg2 23. Kxg2 Rxb4 24. Nc3 Ne4 25. Nxe4 Rxe4 26. Kh2 Re2 27. Rxe2 Qxe2+ 28. Qxe2 Rxe2+ 29. Kg1 Rxb2 30. Rxa5 g6 31. Rd5 Rb6 32. Kg2 Kg7 33. Kf3 h5 34. g4 hxg4+ 35. hxg4 f6 36. Kf4 Kf7 37. g5 f5 38. Ra5 Rb4+ 39. Kf3 Rg4 40.
Ra7+ Ke6 0-1

[Event "Late-Titled-Tuesday-Blitz-January-23-2024"]
[Site "Chess.com"]
[Date "2024.01.23"]
[Round "6"]
[White "TV27"]
[Black "Viktor_Poddubnyi"]
[Result "0-1"]
[WhiteElo "2177"]
[BlackElo "2259"]
[TimeControl "180+1"]
[EndTime "15:02:44 PST"]
[Termination "Viktor_Poddubnyi won by resignation"]

1. e4 g6 2. d4 Bg7 3. c3 d6 4. Be2 Nf6 5. Nd2 e5 6. Ngf3 Nc6 7. O-O O-O 8. dxe5 Nxe5 9. Nxe5 dxe5 10. f3 Be6 11. Nc4 Nd7 12. Be3 Qe7 13. Qc1 Rfd8 14. Bh6 Bxh6 15. Qxh6 Bxc4 16. Bxc4 Qc5+ 17. Kh1 Qxc4 18.
Rad1 Nf8 19. Qg5 Rxd1 20. Rxd1 Qe2 21. Rg1 Re8 22. h4 h5 23. Qf6 Qxb2 24. g4 Qb6 25. Qg5 Nh7 26. Qh6 Qf6 27. gxh5 Qxh4+ 28. Kg2 Qxh5 29.
Qxh5 gxh5 0-1

[Event "Late-Titled-Tuesday-Blitz-January-23-2024"]
[Site "Chess.com"]
[Date "2024.01.23"]
[Round "6"]
[White "JoakimVonAnd"]
[Black "MusicCityMaster"]
[Result "1-0"]
[WhiteElo "2626"]
[BlackElo "2464"]
[TimeControl "180+1"]
[EndTime "15:02:45 PST"]
[Termination "JoakimVonAnd won by resignation"]

1. d4 Nf6 2. Nf3 c5 3. c3 cxd4 4. cxd4 g6 5. Bf4 d6 6. e3 Bg7 7. Nc3 O-O 8. Be2 b6 9. h3 Bb7 10. O-O Nbd7 11. Rc1 Rc8 12. Bh2 a6 13. Nd2 Rc7 14.
Bf3 Qa8 15. Bxb7 Qxb7 16. e4 e5 17. dxe5 dxe5 18. Nf3 Rfc8 19. Nxe5 Nxe5 20. Bxe5 Rc4 21. b3 R4c6 22. Qf3 b5 23. Rcd1 Nxe4 24. Bxg7 Nxc3 25. Bxc3 Rxc3 26. Qxb7 1-0

[Event "Late-Titled-Tuesday-Blitz-January-23-2024"]
[Site "Chess.com"]
[Date "2024.01.23"]
[Round "6"]
[White "StellarChess"]
[Black "Jenia84"]
[Result "1-0"]
[WhiteElo "2486"]
[BlackElo "2313"]
[TimeControl "180+1"]
[EndTime "15:02:46 PST"]
[Termination "StellarChess won by resignation"]

1. d4 Nf6 2. Bg5 e6 3. e4 h6 4.
Bxf6 Qxf6 5. c3 b6 6. Bd3 Bb7 7. Ne2 d6 8. O-O Nd7 9. f4 Qd8 10. f5 e5 11. Nd2 Be7 12. Nf3 Bf6 13. Ng3 h5 14. dxe5 Nxe5 15. Nxe5 dxe5 16. Qe2 h4 17. Rad1 hxg3 18. Bb5+ c6 19. Rxd8+ Rxd8 20. Ba6 gxh2+ 21. Kh1 Bxa6 22. Qxa6 Bg5 23. Qxa7 Bf4 24. Qxb6 Rh6 25. a4 Rhd6 26. a5 Rd1 27. Qxc6+ Kf8 28. Qb5 Bg3 29.
a6 Rxf1+ 30. Qxf1 Ke7 31. a7 Kd6 32. Qd1+ Kc7 33. Qxd8+ 1-0

[Event "Late-Titled-Tuesday-Blitz-January-23-2024"]
[Site "Chess.com"]
[Date "2024.01.23"]
[Round "6"]
[White "SocoLoco"]
[Black "katharinareinecke"]
[Result "1-0"]
[WhiteElo "2195"]
[BlackElo "2001"]
[TimeControl "180+1"]
[EndTime "15:02:47 PST"]
[Termination "SocoLoco won by resignation"]

1. e4 c6 2. b3 d5 3. Bb2 dxe4 4. Nc3 Nf6 5. Nge2 Bf5 6. Ng3 Bg6 7. Qe2 Qd4 8. O-O-O Qb6 9. Ncxe4 Nxe4 10. Nxe4 Bxe4 11.
Qxe4 Qxf2 12. Bc4 e6 13. Rhf1 Qc5 14. Rxf7 Kd8 15. Bxe6 Na6 16. Rd7+ Kc8 17. Rd5+ 1-0

[Event "Late-Titled-Tuesday-Blitz-January-23-2024"]
[Site "Chess.com"]
[Date "2024.01.23"]
[Round "6"]
[White "j_coca"]
[Black "Kombinator01"]
[Result "0-1"]
[WhiteElo "2512"]
[BlackElo "2465"]
[TimeControl "180+1"]
[EndTime "15:02:52 PST"]
[Termination "Kombinator01 won by resignation"]

1. f4 Nf6 2. Nf3 g6 3. e3 Bg7 4. d4 O-O 5. Bd3 d5 6. O-O c5 7. c3 Nc6 8. Nbd2 b6 9. Ne5 Bb7 10. Rf3 Nd7 11. Rh3 Ndxe5 12. fxe5 f6 13. exf6 Rxf6 14.
Nf3 e5 15. dxe5 Rxf3 16. Rxf3 Nxe5 17. Rf2 Qh4 18. Be2 Rd8 19. Qe1 Qe7 20. Bd2 Bf6 21.
Rf1 Bh4 22. g3 Bg5 23. Qf2 d4 24. cxd4 cxd4 25. Rad1 d3 26. Bc3 dxe2 27. Rxd8+ Qxd8 28. Qxe2 Qd5 29. Kf2 Nd3+ 0-1

[Event "Late-Titled-Tuesday-Blitz-January-23-2024"]
[Site "Chess.com"]
[Date "2024.01.23"]
[Round "6"]
[White "krzyzan94"]
[Black "skoularikii"]
[Result "1-0"]
[WhiteElo "2774"]
[BlackElo "2568"]
[TimeControl "180+1"]
[EndTime "15:03:00 PST"]
[Termination "krzyzan94 won by resignation"]

1. e4 e5 2. Nf3 Nc6 3. Bb5 a6 4. Ba4 b5 5. Bb3 Nf6 6. Nc3 d6 7. Ng5 Nd4 8. Nxf7 Qd7 9. Nxh8 b4 10. Nd5 Nxd5 11. Bxd5 c6 12. Bf7+ Kd8 13. c3 Ne6 14. d4 Kc7 15. O-O Be7 16. dxe5 dxe5 17. Qh5 Bf6 18.
Qxh7 Bb7 19. Bxe6 Qxe6 20. Ng6 bxc3 21. bxc3 Rd8 22. Qh5 Qd6 23. Be3 1-0

[Event "Late-Titled-Tuesday-Blitz-January-23-2024"]
[Site "Chess.com"]
[Date "2024.01.23"]
[Round "6"]
[White "ninguno46"]
[Black "eCztery"]
[Result "1-0"]
[WhiteElo "2586"]
[BlackElo "2433"]
[TimeControl "180+1"]
[EndTime "15:03:00 PST"]
[Termination "ninguno46 won by resignation"]

1. e4 e5 2. Nf3 d6 3. Bc4 Be7 4.
d3 Nf6 5. a4 h6 6. h3 c6 7. Ba2 Qc7 8. Nbd2 Nbd7 9. Nf1 Nf8 10.
Ng3 Bd7 11. Bd2 Ng6 12. O-O O-O 13. Nf5 Bxf5 14. exf5 Nf4 15. Bxf4 exf4 16. Nh2 d5 17. Ng4 Nxg4 18. Qxg4 Qe5 19. c4 d4 20. Rae1 Qc7 21.
c5 Bxc5 22. f6 g5 23. Qh5 Kh7 24. h4 Rg8 25. Re7 Bxe7 26. Qxf7+ Kh8 27. fxe7 gxh4 28. e8=Q Raxe8 29. Qxc7 Rg7 30. Qxf4 h3 31. g3 1-0

[Event "Late-Titled-Tuesday-Blitz-January-23-2024"]
[Site "Chess.com"]
[Date "2024.01.23"]
[Round "6"]
[White "toninhojit"]
[Black "Nor1lsk"]
[Result "1-0"]
[WhiteElo "2504"]
[BlackElo "2690"]
[TimeControl "180+1"]
[EndTime "15:03:02 PST"]
[Termination "toninhojit won by resignation"]

1. d4 g6 2. e4 Bg7 3. Nc3 d5 4. exd5 Nf6 5. Bc4 Nbd7 6. Nf3 Nb6 7. Bb3 Nbxd5 8. h3 Nxc3 9. bxc3 O-O 10. O-O c6 11.
Re1 Bf5 12. Ne5 Be4 13. Qe2 Bd5 14. c4 Be6 15. Bb2 Re8 16. a4 Qc7 17. a5 Rad8 18.
Bc3 Nd7 19. Nf3 Nf8 20. a6 b6 21. Ng5 c5 22. Nxe6 Nxe6 23. d5 Bxc3 24. dxe6 f6 25.
Ba4 Rf8 26. Bd7 Bxa1 27. Rxa1 Rxd7 28. exd7 Qxd7 29. Rd1 Qc7 30. Qe6+ Rf7 31. Rd7 Qc8 32. Qd5 Qxa6 33. Rxe7 1-0

[Event "Late-Titled-Tuesday-Blitz-January-23-2024"]
[Site "Chess.com"]
[Date "2024.01.23"]
[Round "6"]
[White "IranianCheetah"]
[Black "AungTZ"]
[Result "1-0"]
[WhiteElo "2345"]
[BlackElo "2094"]
[TimeControl "180+1"]
[EndTime "15:03:04 PST"]
[Termination "IranianCheetah won by resignation"]

1. e4 c5 2. Nf3 Nc6 3. d4 cxd4 4. Nxd4 Nf6 5. Nc3 d6 6. Bc4 Qb6 7. Nb3 e6 8. O-O Be7 9. Re1 O-O 10. g3 a6 11. Be3 Qc7 12. Bf1 b5 13. Bg2 Bb7 14. f4 Rfd8 15. Qf3 Nb4 16. Re2 Nxc2 17. Rxc2 b4 18. Qf2 bxc3 19. Bb6 cxb2 20. Bxc7 bxa1=Q+ 21. Nxa1 Rdc8 22. e5 Ne4 23. Qb6 Bd5 24. exd6 Bxd6 25. Bxd6 Rxc2 26. Nxc2 Rc8 27. Bxe4 Bxe4 28. Nb4 h6 29.
Bc7 1-0

[Event "Late-Titled-Tuesday-Blitz-January-23-2024"]
[Site "Chess.com"]
[Date "2024.01.23"]
[Round "6"]
[White "EcosseKillie"]
[Black "alexrustemov"]
[Result "0-1"]
[WhiteElo "2287"]
[BlackElo "2838"]
[TimeControl "180+1"]
[EndTime "15:03:05 PST"]
[Termination "alexrustemov won by resignation"]

1. d4 d5 2. Bg5 h6 3. Bh4 c6 4.
Nf3 Qb6 5. b3 Bf5 6. e3 e6 7.
Bd3 Bxd3 8. Qxd3 Nd7 9. O-O Ngf6 10. c4 Be7 11. Nc3 O-O 12. c5 Qd8 13. h3 Nh5 14. Bxe7 Qxe7 15. b4 a6 16. a4 e5 17. dxe5 Nxe5 18.
Qf5 Nxf3+ 19. Qxf3 Nf6 20. Rfe1 a5 21. Rab1 axb4 22.
Rxb4 Qxc5 23. Rb3 Ra7 24. Reb1 Qe7 25. Qf4 Rd8 26. Qd4 Rda8 27. f3 Qc7 28. e4 dxe4 29.
fxe4 Nd7 30. Rf1 Ne5 31. Rf5 f6 32. Nd5 cxd5 33. Qxd5+ Qf7 0-1

[Event "Late-Titled-Tuesday-Blitz-January-23-2024"]
[Site "Chess.com"]
[Date "2024.01.23"]
[Round "6"]
[White "JaackCamel"]
[Black "Felix-Rose"]
[Result "0-1"]
[WhiteElo "2168"]
[BlackElo "2327"]
[TimeControl "180+1"]
[EndTime "15:03:05 PST"]
[Termination "Felix-Rose won on time"]

1. d4 d5 2. c4 e6 3. Nc3 Nf6 4. cxd5 exd5 5. Bg5 Nbd7 6. e3 Bb4 7. Bd3 h6 8. Bh4 g5 9. Bg3 c5 10. dxc5 Qa5 11.
Ne2 Nh5 12. Bd6 Nxc5 13. O-O Nxd3 14. Qxd3 Bxd6 15. Nb5 Be7 16. Rac1 O-O 17. Qxd5 Nf6 18. Qe5 Be6 19. a4 a6 20. Qc7 axb5 0-1

[Event "Late-Titled-Tuesday-Blitz-January-23-2024"]
[Site "Chess.com"]
[Date "2024.01.23"]
[Round "6"]
[White "RodokininEV"]
[Black "Balla_Tamas"]
[Result "1-0"]
[WhiteElo "2610"]
[BlackElo "2454"]
[TimeControl "180+1"]
[EndTime "15:03:07 PST"]
[Termination "RodokininEV won by resignation"]

1. e4 c5 2. Nf3 Nc6 3. b4 cxb4 4. a3 Nf6 5. e5 Nd5 6. axb4 d6 7. exd6 Qxd6 8. b5 Ne5 9. Bb2 Nxf3+ 10. Qxf3 e6 11. Na3 Bd7 12. Nc4 Qc7 13. Be5 Qc5 14. Bd3 f6 15.
Qh5+ Kd8 16. Na5 Qb6 17. Bg3 Bxb5 18. Bxb5 Qxb5 19. c4 Qb2 20. O-O Nb6 21. Qf7 e5 22. d4 Bb4 23. dxe5 Bxa5 24. Rfd1+ Bd2 25. Bf4 Kc8 26.
Qe6+ Kc7 27. exf6+ 1-0

[Event "Late-Titled-Tuesday-Blitz-January-23-2024"]
[Site "Chess.com"]
[Date "2024.01.23"]
[Round "6"]
[White "subham777"]
[Black "EsmeraldasAnderson03"]
[Result "1-0"]
[WhiteElo "2539"]
[BlackElo "2425"]
[TimeControl "180+1"]
[EndTime "15:03:08 PST"]
[Termination "subham777 won by resignation"]

1. e4 c5 2. Nf3 d6 3. d4 cxd4 4. Qxd4 Nc6 5. Bb5 Bd7 6. Bxc6 Bxc6 7. c4 Nf6 8. Nc3 e6 9. Bg5 Qb6 10. Bxf6 gxf6 11. Qxf6 Rg8 12. Ng5 Qc7 13. Nxe6 Qe7 14. Qxe7+ Kxe7 15. Nxf8 Raxf8 16. O-O f5 17. f3 fxe4 18.
Nxe4 Bxe4 19. fxe4 Rxf1+ 20. Rxf1 Rg4 21. Re1 Ke6 22. g3 Ke5 23. Kf2 Kd4 24. b3 Kc3 25. Kf3 Rg6 26. Rd1 a5 27. h4 h5 28. Rd5 b6 29. Rxh5 Kb2 30. Rb5 Kxa2 31. Rxb6 Rf6+ 32. Kg2 Re6 33. c5 Rxe4 34. cxd6 Rd4 35. h5 Rd5 36. h6 Ka3 37. h7 Rh5 38. d7 Rxh7 39. d8=Q 1-0

[Event "Late-Titled-Tuesday-Blitz-January-23-2024"]
[Site "Chess.com"]
[Date "2024.01.23"]
[Round "6"]
[White "HajiyevKanan"]
[Black "GMAkobianSTL"]
[Result "1-0"]
[WhiteElo "2579"]
[BlackElo "2746"]
[TimeControl "180+1"]
[EndTime "15:03:13 PST"]
[Termination "HajiyevKanan won by resignation"]

1. d4 e6 2. Nf3 f5 3. g3 Nf6 4. Bg2 d5 5. O-O Bd6 6. c4 c6 7.
Bf4 Bxf4 8. gxf4 O-O 9. Ne5 Nbd7 10. e3 Nxe5 11. fxe5 Ne4 12. Nd2 Bd7 13. Nxe4 fxe4 14. Qg4 Qe7 15. c5 Rf5 16. f4 exf3 17. Rxf3 Rxf3 18. Bxf3 Be8 19. Rf1 Bg6 20. h4 Rf8 21. Bg2 Rxf1+ 22. Bxf1 Bf5 23. Qg5 Qxg5+ 24. hxg5 Kf7 25. Kf2 Kg6 26. b4 Kxg5 27. Kg3 h5 28. a4 h4+ 29. Kf2 Kg4 30. b5 h3 31. a5 Be4 32. a6 bxa6 33. bxc6 h2 34. Bg2 1-0

[Event "Late-Titled-Tuesday-Blitz-January-23-2024"]
[Site "Chess.com"]
[Date "2024.01.23"]
[Round "6"]
[White "Fernando_Offermann"]
[Black "ClayK1ng"]
[Result "1-0"]
[WhiteElo "2399"]
[BlackElo "2250"]
[TimeControl "180+1"]
[EndTime "15:03:14 PST"]
[Termination "Fernando_Offermann won by resignation"]

1. e4 c5 2. Nf3 d6 3. c3 Nf6 4. Bd3 g6 5. O-O Bg7 6. Re1 O-O 7. h3 Nc6 8. Bc2 b5 9. d4 cxd4 10.
cxd4 Bb7 11. a3 e5 12. d5 Ne7 13. Nc3 Qd7 14. Bd3 a6 15. g4 Nc8 16. Ne2 Nb6 17. Ng3 h5 18. gxh5 Qxh3 19. Ng5 Qg4 20. hxg6 fxg6 21. Ne6 Rf7 22. b3 Qh4 23. Bg5 Qg4 24. Rc1 Qxd1 25. Rexd1 Nbxd5 26. exd5 Bxd5 27. Nc7 Rc8 28. Nxd5 Nxd5 29. Rxc8+ 1-0

[Event "Late-Titled-Tuesday-Blitz-January-23-2024"]
[Site "Chess.com"]
[Date "2024.01.23"]
[Round "6"]
[White "LastHeroJr"]
[Black "Ali_rastbod"]
[Result "0-1"]
[WhiteElo "2458"]
[BlackElo "2697"]
[TimeControl "180+1"]
[EndTime "15:03:18 PST"]
[Termination "Ali_rastbod won by resignation"]

1. e4 Nc6 2. Nf3 d6 3. d4 Nf6 4. Bd3 e5 5. c3 Be7 6. O-O O-O 7. Re1 Re8 8. h3 Bf8 9. Nbd2 a6 10. Nf1 g6 11. Ng3 Bg7 12. Be3 b6 13. a3 Bb7 14. Qc2 Rc8 15. Rad1 Qe7 16. Qc1 Nd7 17. Bg5 f6 18. Be3 b5 19. a4 bxa4 20. Qa1 Nb6 21. d5 Na5 22. Bxb6 cxb6 23. Qxa4 Qc7 24. Nd2 Bh6 25.
Nb3 Nc4 26. Qa2 b5 27. Ra1 Ra8 28. Na5 Nb6 29. Ne2 Na4 30. Nc1 Qxa5 31. b3 Qxc3 0-1

[Event "Late-Titled-Tuesday-Blitz-January-23-2024"]
[Site "Chess.com"]
[Date "2024.01.23"]
[Round "6"]
[White "Herman-NY"]
[Black "bescmelasti"]
[Result "0-1"]
[WhiteElo "2483"]
[BlackElo "2702"]
[TimeControl "180+1"]
[EndTime "15:03:22 PST"]
[Termination "bescmelasti won on time"]

1. e4 c5 2. Nf3 e6 3. d4 cxd4 4. Nxd4 Nf6 5. Nc3 Nc6 6. Ndb5 Bc5 7. Bf4 O-O 8. Bc7 Qe7 9. Bd6 Bxd6 10. Qxd6 Qd8 11. Qg3 d5 12. O-O-O a6 13. exd5 exd5 14. Nd4 Be6 15. f3 Rc8 16. Nce2 Qa5 17. Kb1 Bd7 18. h4 Rfe8 19. h5 h6 20. Rh4 Ne5 21. Nb3 Qb6 22. Ned4 a5 23. Nc1 a4 24. a3 Nc4 25. Bxc4 dxc4 26.
c3 Rcd8 27. Qf2 Bf5+ 28. Ka1 Bh7 0-1

[Event "Late-Titled-Tuesday-Blitz-January-23-2024"]
[Site "Chess.com"]
[Date "2024.01.23"]
[Round "6"]
[White "rhungaski"]
[Black "ItalianMachine"]
[Result "1-0"]
[WhiteElo "2512"]
[BlackElo "2360"]
[TimeControl "180+1"]
[EndTime "15:03:25 PST"]
[Termination "rhungaski won by resignation"]

1. e4 e5 2. Nf3 Nc6 3. d4 exd4 4. Nxd4 Nf6 5. Nxc6 bxc6 6. e5 Nd5 7. c4 Bb4+ 8.
Bd2 Bxd2+ 9. Qxd2 Nb6 10. Nc3 Qe7 11. O-O-O O-O 12. f4 f6 13. exf6 Qxf6 14. c5 d5 15. cxb6 axb6 16. g3 Bf5 17. Qd4 Qd6 18. Bd3 Bg4 19.
Rde1 b5 20. a3 b4 21. axb4 Rfb8 22. b5 Bf3 23. Rhf1 c5 24. Qe5 1-0

[Event "Late-Titled-Tuesday-Blitz-January-23-2024"]
[Site "Chess.com"]
[Date "2024.01.23"]
[Round "6"]
[White "Cubitas"]
[Black "RantomOpening"]
[Result "1-0"]
[WhiteElo "2732"]
[BlackElo "2542"]
[TimeControl "180+1"]
[EndTime "15:03:32 PST"]
[Termination "Cubitas won by checkmate"]

1. e4 c5 2. Nc3 e6 3. g3 Nc6 4.
Bg2 Nf6 5. d3 d5 6. exd5 exd5 7.
Nge2 d4 8. Ne4 Nxe4 9. dxe4 h5 10. Nf4 h4 11. O-O Bd6 12. Nd5 hxg3 13. fxg3 Be6 14.
Bf4 Bxf4 15. Rxf4 Ne5 16. c3 dxc3 17. bxc3 Bxd5 18. exd5 Qd6 19. Qa4+ Ke7 20. Re1 f6 21. Rf5 Rh6 22. Qg4 Rg8 23. Qf4 Re8 24. g4 Kd7 25. Re3 Rg6 26. h3 Nf7 27. Qa4+ Kc7 28. Qxe8 Ne5 29. a4 c4 30. Rexe5 fxe5 31. Rf7+ Kb6 32.
Qb5# 1-0

[Event "Late-Titled-Tuesday-Blitz-January-23-2024"]
[Site "Chess.com"]
[Date "2024.01.23"]
[Round "6"]
[White "Brown_Mamba24"]
[Black "SpeedofLight0"]
[Result "0-1"]
[WhiteElo "2648"]
[BlackElo "2955"]
[TimeControl "180+1"]
[EndTime "15:03:33 PST"]
[Termination "SpeedofLight0 won by checkmate"]

1. d4 d5 2. Nf3 Nf6 3. c4 e6 4. g3 dxc4 5. Bg2 a6 6. a4 Nc6 7. O-O Bb4 8. Bd2 O-O 9. Bxb4 Nxb4 10. Na3 b6 11. Nxc4 Bb7 12. Qb3 a5 13. Rad1 Bd5 14.
Nfe5 Ne4 15. f3 Nd6 16. e4 Nxc4 17. Nxc4 Bb7 18. Rf2 Qe7 19. Rfd2 Rfd8 20. f4 Bc6 21. d5 exd5 22. exd5 Qc5+ 23. Ne3 Bxa4 24. Qxa4 Qxe3+ 25. Kh1 Rd6 26. Rd4 Re8 27. h4 Re7 28. h5 Qxg3 29. Rxb4 Re1+ 30. Bf1 Qf3+ 31. Kg1 Qxf1+ 32. Kh2 Re2+ 33.
Kg3 Rg2+ 34. Kh3 Qf3+ 35. Kh4 Qg3# 0-1

[Event "Late-Titled-Tuesday-Blitz-January-23-2024"]
[Site "Chess.com"]
[Date "2024.01.23"]
[Round "6"]
[White "kingofthenil"]
[Black "szachmistrz2500"]
[Result "1-0"]
[WhiteElo "2686"]
[BlackElo "2497"]
[TimeControl "180+1"]
[EndTime "15:03:35 PST"]
[Termination "kingofthenil won by checkmate"]

1. e4 c5 2. d3 Nc6 3. g3 d5 4. exd5 Qxd5 5. Nf3 Bg4 6. Bg2 Nd4 7. Nbd2 Nf6 8. O-O e6 9. h3 Nxf3+ 10. Nxf3 Bh5 11. Re1 Qd7 12. g4 Bg6 13. Ne5 Qc7 14. Qf3 O-O-O 15. a3 Bd6 16. Nc4 Bh2+ 17. Kh1 h5 18. g5 Ng4 19. Na5 b6 20. Qa8+ Kd7 21. Qc6+ Qxc6 22. Nxc6 Rc8 23. Nxa7 Rc7 24. Nb5 Rcc8 25.
hxg4 hxg4 26. Be4 Bxe4+ 27. Rxe4 g3 28. f4 Rh4 29. Kg2 Rch8 30. Be3 f5 31. gxf6 gxf6 32. b4 f5 33. Re5 cxb4 34. axb4 Kc6 35. Ra7 Bg1 36. Rc7# 1-0

[Event "Late-Titled-Tuesday-Blitz-January-23-2024"]
[Site "Chess.com"]
[Date "2024.01.23"]
[Round "6"]
[White "Sanyura"]
[Black "familijatop71"]
[Result "1-0"]
[WhiteElo "2618"]
[BlackElo "2250"]
[TimeControl "180+1"]
[EndTime "15:03:35 PST"]
[Termination "Sanyura won on time"]

1. e4 d5 2. exd5 Qxd5 3. Nc3 Qa5 4. Nf3 c6 5. g3 Nf6 6. Bg2 Bg4 7. O-O e6 8. h3 Bh5 9. d4 Bb4 10. Bd2 O-O 11.
a3 Bxc3 12. Bxc3 Qc7 13. g4 Bg6 14. Ne5 Be4 15. g5 Bxg2 16. gxf6 Bxf1 17. Qg4 g6 18. Qh4 Qd8 19. Bb4 h5 20. Be7 Qc8 21. Qg5 Kh7 22.
Ng4 1-0

[Event "Late-Titled-Tuesday-Blitz-January-23-2024"]
[Site "Chess.com"]
[Date "2024.01.23"]
[Round "6"]
[White "SaqoChess_Twitch"]
[Black "GMBenjaminBok"]
[Result "0-1"]
[WhiteElo "2626"]
[BlackElo "2886"]
[TimeControl "180+1"]
[EndTime "15:03:36 PST"]
[Termination "GMBenjaminBok won by checkmate"]

1. d4 Nf6 2. c4 e6 3. Nc3 Bb4 4. e3 O-O 5. a3 Bxc3+ 6. bxc3 d6 7. Bd3 e5 8. Ne2 e4 9. Bb1 Be6 10. Ng3 Bxc4 11. Nxe4 Nbd7 12. Nxf6+ Nxf6 13. Bd3 b5 14. O-O d5 15. a4 a6 16. Ba3 Re8 17. Bxc4 bxc4 18.
Qc2 Qd7 19. h3 h6 20. Rfe1 Rab8 21. Rab1 Qc6 22. Bb4 Rb7 23. a5 Rb5 24. f3 Re6 25. Re2 Rb8 26. Rbe1 Rbe8 27. g4 Qa8 28. h4 Qc8 29. g5 hxg5 30. hxg5 Nh7 31. Rh2 Nxg5 32.
Kf2 Rf6 33. Reh1 Rxf3+ 34. Kg2 Qg4# 0-1

[Event "Late-Titled-Tuesday-Blitz-January-23-2024"]
[Site "Chess.com"]
[Date "2024.01.23"]
[Round "6"]
[White "Iuckyducky"]
[Black "Sjakkerntobi"]
[Result "0-1"]
[WhiteElo "2358"]
[BlackElo "2506"]
[TimeControl "180+1"]
[EndTime "15:03:36 PST"]
[Termination "Sjakkerntobi won by resignation"]

1. d4 Nf6 2. c4 e6 3. Nf3 c5 4. g3 d5 5. Bg2 Nc6 6. O-O Be7 7. cxd5 exd5 8. dxc5 Bxc5 9. e3 O-O 10. Nbd2 Bb6 11. Nb3 Bg4 12. h3 Bh5 13. Bd2 Ne4 14. Bc3 Nxc3 15.
bxc3 Rc8 16. Qd2 Qf6 17. Nfd4 Rfd8 18. a4 Ne5 19. a5 Bc7 20. Nc5 b6 21. Na6 Bd6 22.
axb6 axb6 23. Bxd5 Bc5 24. Bg2 Nf3+ 25. Bxf3 Bxf3 26.
Qa2 Bd5 27. Qe2 Bxd4 28. cxd4 Bc4 29. Qg4 Bxf1 30. Rxf1 Qd6 31. Rb1 Ra8 32. Nb4 Ra4 33. Nd3 Ra2 34. Kh2 Rd2 35. Rb3 Qd5 36. Ra3 Qb5 37. Qf5 Qxf5 0-1

[Event "Late-Titled-Tuesday-Blitz-January-23-2024"]
[Site "Chess.com"]
[Date "2024.01.23"]
[Round "6"]
[White "almaguerjm"]
[Black "Ducke13"]
[Result "1-0"]
[WhiteElo "2478"]
[BlackElo "2305"]
[TimeControl "180+1"]
[EndTime "15:03:39 PST"]
[Termination "almaguerjm won on time"]

1. e4 c5 2. Nf3 d6 3. d3 g6 4. Nbd2 Bg7 5. g3 Nc6 6. Bg2 e6 7. a4 Nge7 8. O-O O-O 9. h3 b6 10. Nh2 Bb7 11. f4 f5 12. Re1 Qd7 13. c3 Rae8 14.
Qb3 Kh8 15. Ndf3 e5 16. Ng5 Ng8 17. exf5 gxf5 18. Bd2 h6 19. Ngf3 e4 20. Nh4 Kh7 21.
dxe4 Na5 22. Qc2 fxe4 23. Rxe4 Rxe4 24. Bxe4+ 1-0

[Event "Late-Titled-Tuesday-Blitz-January-23-2024"]
[Site "Chess.com"]
[Date "2024.01.23"]
[Round "6"]
[White "RamyresCoelho"]
[Black "KacperPolOK"]
[Result "0-1"]
[WhiteElo "2261"]
[BlackElo "2472"]
[TimeControl "180+1"]
[EndTime "15:03:42 PST"]
[Termination "KacperPolOK won by resignation"]

1. e4 c5 2. Nf3 Nc6 3. d4 cxd4 4.
c3 e5 5. cxd4 exd4 6. Nxd4 Nf6 7. Nc3 Bb4 8. Nxc6 dxc6 9. Qxd8+ Kxd8 10. Bd3 Ke7 11. Bg5 h6 12. Bxf6+ gxf6 13. O-O-O b5 14. a3 Bd6 15. g3 a5 16. f4 Bg4 17. Rd2 b4 18. Nb1 Rhd8 19. Be2 Be6 20. Rhd1 Bb3 21. Re1 Bc5 22. Rxd8 Rxd8 23. Bf3 Bf2 24. Rf1 Be3+ 25. Nd2 Rxd2 26. Kb1 bxa3 27. bxa3 Ba2+ 28. Kc1 Rf2+ 29. Kd1 Rxf1+ 30. Ke2 Rxf3 31. Kxf3 Bc1 32. a4 Ba3 33. e5 Bb3 34. exf6+ Kxf6 35. g4 Bxa4 36. h4 Bd1+ 37. Kg3 a4 38. g5+ hxg5 39. fxg5+ Kg6 40. Kf4 Bd6+ 41.
Ke4 Bf3+ 42. Kxf3 a3 43. Kg4 Be7 44. h5+ Kg7 45. Kf5 a2 46. h6+ Kh7 47. g6+ fxg6+ 48. Ke6 Bf8 49. Kf7 Bxh6 0-1